TOP OF THE 1ST |
Salem-Keizer Volcanoes batting - Pitching for Hillsboro Hops : RHP Dan Thompson
|
Pitching: RHP Dan Thompson
|
|
Batting: RHB Jonathan Reece
|
0-0: Ball 1-0: Ground out 5-3 (Groundball, 56S, EV 80.0 MPH)
|
Batting: RHB Ian Richardson
|
0-0: Reached on error, E5 (Groundball, 56S, EV 80.0 MPH)
|
Batting: RHB Lucan Esini
|
0-0: Ball Ian Richardson steals 3rd base 1-0: Ground out 6-3 (Groundball, 6, EV 106.2 MPH) Ian Richardson scores
|
Batting: LHB John Whitman
|
0-0: Ball 1-0: Ball 2-0: Ball 3-0: Swinging Strike 3-1: Base on Balls
|
Batting: RHB Omar Jordan
|
0-0: SINGLE (Groundball, 6D, EV 95.6 MPH) John Whitman to second
|
Batting: RHB Jason Gregor
|
0-0: Ball 1-0: Ground out 3-1 (Groundball, 34S, EV 85.0 MPH)
|
Top of the 1st over - 1 run, 1 hit, 1 error, 2 left on base; Salem-Keizer 1 - Hillsboro 0 |
BOTTOM OF THE 1ST |
Hillsboro Hops batting - Pitching for Salem-Keizer Volcanoes : RHP Dave Crouch
|
Pitching: RHP Dave Crouch
|
|
Batting: RHB Yasuo Nakata
|
0-0: SINGLE (Groundball, 6MD, EV 98.1 MPH)
|
Batting: RHB Larry Hardman
|
0-0: DOUBLE (Line Drive, 78D, EV 105.6 MPH) Yasuo Nakata to third Runner from 3rd tries for Home, throw by CF and OUT! 8-6-2 Larry Hardman to third
|
Batting: RHB Chad Mendoza
|
0-0: Ground out 4-3 (Groundball, 4, EV 80.6 MPH) Larry Hardman scores
|
Batting: LHB Soo-yeon Kym
|
0-0: Foul Ball, location: 2F 0-1: Ball 1-1: Fly out, F7 (Flyball, 7, EV 86.9 MPH)
|
Bottom of the 1st over - 1 run, 2 hits, 0 errors, 0 left on base; Salem-Keizer 1 - Hillsboro 1 |
TOP OF THE 2ND |
Salem-Keizer Volcanoes batting - Pitching for Hillsboro Hops : RHP Dan Thompson
|
Batting: RHB Ryan Johnston
|
0-0: Called Strike 0-1: Ball 1-1: Ball 2-1: Ball 3-1: Base on Balls
|
Batting: RHB Willie Sanchez
|
0-0: Swinging Strike 0-1: SINGLE (Groundball, 6D, EV 98.8 MPH) Ryan Johnston to second
|
Batting: RHB Bob Schweiger
|
0-0: Called Strike 0-1: Foul Ball, location: 2F 0-2: Ball 1-2: Grounds into double play, 6-4-3 (Groundball, 6, EV 83.8 MPH) Ryan Johnston to third
|
Batting: RHB Jonathan Reece
|
0-0: Called Strike 0-1: Swinging Strike 0-2: Ball 1-2: Foul Ball, location: 2F 1-2: Strikes out looking
|
Top of the 2nd over - 0 runs, 1 hit, 0 errors, 1 left on base; Salem-Keizer 1 - Hillsboro 1 |
BOTTOM OF THE 2ND |
Hillsboro Hops batting - Pitching for Salem-Keizer Volcanoes : RHP Dave Crouch
|
Batting: RHB Jeremy Coffey
|
0-0: Swinging Strike 0-1: Foul Ball, location: 2F 0-2: Strikes out swinging
|
Batting: LHB Dillon Rizzuto
|
0-0: Ground out 4-3 (Groundball, 4D, EV 92.5 MPH)
|
Batting: RHB Bryan Shuller
|
0-0: Ball 1-0: Foul Ball, location: 2F 1-1: Swinging Strike 1-2: Ball 2-2: Strikes out swinging
|
Bottom of the 2nd over - 0 runs, 0 hits, 0 errors, 0 left on base; Salem-Keizer 1 - Hillsboro 1 |
TOP OF THE 3RD |
Salem-Keizer Volcanoes batting - Pitching for Hillsboro Hops : RHP Dan Thompson
|
Batting: RHB Ian Richardson
|
0-0: Foul Ball, location: 2F 0-1: Ball 1-1: Ball 2-1: Foul Ball, location: 2F 2-2: Ground out 5-3 (Groundball, 56, EV 88.1 MPH)
|
Batting: RHB Lucan Esini
|
0-0: Ball 1-0: Swinging Strike 1-1: Foul Ball, location: 2F 1-2: Ball 2-2: Ground out 6-3 (Groundball, 6, EV 91.9 MPH)
|
Batting: LHB John Whitman
|
0-0: Foul Ball, location: 2F 0-1: Ball 1-1: Swinging Strike 1-2: Strikes out swinging
|
Top of the 3rd over - 0 runs, 0 hits, 0 errors, 0 left on base; Salem-Keizer 1 - Hillsboro 1 |
BOTTOM OF THE 3RD |
Hillsboro Hops batting - Pitching for Salem-Keizer Volcanoes : RHP Dave Crouch
|
Batting: RHB Trevor Corey
|
0-0: Called Strike 0-1: SINGLE (Groundball, 15S, EV 64.4 MPH) (infield hit)
|
Batting: RHB Larry Valencia
|
0-0: Grounds into double play, 5-4-3 (Groundball, 5, EV 91.2 MPH)
|
Batting: RHB Yasuo Nakata
|
0-0: Ball 1-0: Foul Ball, location: 2F 1-1: Fly out, F7 (Flyball, 7D, EV 102.5 MPH)
|
Bottom of the 3rd over - 0 runs, 1 hit, 0 errors, 0 left on base; Salem-Keizer 1 - Hillsboro 1 |
TOP OF THE 4TH |
Salem-Keizer Volcanoes batting - Pitching for Hillsboro Hops : RHP Dan Thompson
|
Batting: RHB Omar Jordan
|
0-0: Ball 1-0: Ball 2-0: Ball 3-0: Base on Balls
|
Batting: RHB Jason Gregor
|
0-0: Called Strike 0-1: Ball 1-1: Swinging Strike 1-2: Foul Ball, location: 2F 1-2: Ball Wild Pitch! Omar Jordan to second 2-2: Ball 3-2: Foul Ball, location: 2F 3-2: Base on Balls
|
Batting: RHB Ryan Johnston
|
0-0: Foul Ball, location: 2F 0-1: Foul Ball, location: 2F 0-2: Ball 1-2: Strikes out swinging
|
Batting: RHB Willie Sanchez
|
0-0: Called Strike 0-1: Ball 1-1: Reached on error, E5 (Groundball, 56S, EV 80.0 MPH) Omar Jordan to third Jason Gregor to second
|
Batting: RHB Bob Schweiger
|
0-0: Ball 1-0: Fly out, F8 (Flyball, 8LD, EV 98.8 MPH) Runner from 3rd tags up, SCORES, throw by CF
|
Batting: RHB Jonathan Reece
|
0-0: Called Strike 0-1: Ball 1-1: Ball 2-1: Called Strike 2-2: Strikes out swinging
|
Top of the 4th over - 1 run, 0 hits, 1 error, 2 left on base; Salem-Keizer 2 - Hillsboro 1 |
BOTTOM OF THE 4TH |
Hillsboro Hops batting - Pitching for Salem-Keizer Volcanoes : RHP Dave Crouch
|
Batting: RHB Larry Hardman
|
0-0: Called Strike 0-1: Ball 1-1: Ball 2-1: Foul Ball, location: 2F 2-2: TRIPLE (Line Drive, 89XD, EV 112.5 MPH)
|
Batting: RHB Chad Mendoza
|
0-0: Fly out, F8 (Flyball, 8RS, EV 89.4 MPH)
|
Batting: LHB Soo-yeon Kym
|
0-0: SINGLE (Flyball, 5D, EV 93.8 MPH) Larry Hardman scores
|
Batting: RHB Jeremy Coffey
|
0-0: Foul Ball, location: 2F 0-1: Ball 1-1: Foul Ball, location: 2F 1-2: Ball 2-2: Foul Ball, location: 2F 2-2: Ball 3-2: Foul Ball, location: 2F 3-2: Strikes out swinging
|
Batting: LHB Dillon Rizzuto
|
0-0: Fielders Choice at 2nd, U6 (Groundball, 6M, EV 94.4 MPH)
|
Bottom of the 4th over - 1 run, 2 hits, 0 errors, 1 left on base; Salem-Keizer 2 - Hillsboro 2 |
TOP OF THE 5TH |
Salem-Keizer Volcanoes batting - Pitching for Hillsboro Hops : RHP Dan Thompson
|
Batting: RHB Ian Richardson
|
0-0: Ball 1-0: Ball 2-0: Called Strike 2-1: Ground out 6-3 (Groundball, 6, EV 105.0 MPH)
|
Batting: RHB Lucan Esini
|
0-0: Ball 1-0: Swinging Strike 1-1: Foul Ball, location: 2F 1-2: Ball 2-2: Ball 3-2: Base on Balls
|
Batting: LHB John Whitman
|
Balk! Lucan Esini to second 0-0: Ball Lucan Esini steals 3rd base 1-0: Ball 2-0: Ball 3-0: Called Strike 3-1: Foul Ball, location: 2F 3-2: Strikes out swinging
|
Pitching: RHP Rick Foster
|
|
Batting: RHB Omar Jordan
|
0-0: Swinging Strike 0-1: Swinging Strike 0-2: Ball 1-2: Strikes out swinging
|
Top of the 5th over - 0 runs, 0 hits, 0 errors, 1 left on base; Salem-Keizer 2 - Hillsboro 2 |
BOTTOM OF THE 5TH |
Hillsboro Hops batting - Pitching for Salem-Keizer Volcanoes : RHP Dave Crouch
|
Batting: RHB Bryan Shuller
|
0-0: Called Strike 0-1: Foul Ball, location: 2F 0-2: Ball 1-2: Ball 2-2: Fly out, F4 (Popup, 4MD, EV 45.0 MPH)
|
Batting: RHB Trevor Corey
|
0-0: Ball 1-0: Called Strike 1-1: Foul Ball, location: 2F 1-2: Foul Ball, location: 2F 1-2: Ball 2-2: Reached on error, E6 (Groundball, 6, EV 86.2 MPH)
|
Batting: RHB Larry Valencia
|
0-0: Called Strike 0-1: Called Strike 0-2: Ball 1-2: Foul Ball, location: 2F 1-2: Foul Ball, location: 2F 1-2: Foul Ball, location: 2F 1-2: Strikes out swinging
|
Batting: RHB Yasuo Nakata
|
0-0: Foul Ball, location: 2F 0-1: Ball 1-1: Ball 2-1: Foul Ball, location: 2F 2-2: Ball 3-2: Foul Ball, location: 2F 3-2: Base on Balls Trevor Corey to second
|
Batting: RHB Larry Hardman
|
0-0: Swinging Strike 0-1: Called Strike 0-2: Ball 1-2: Fly out, F8 (Flyball, 8LXD, EV 105.6 MPH)
|
Bottom of the 5th over - 0 runs, 0 hits, 1 error, 2 left on base; Salem-Keizer 2 - Hillsboro 2 |
TOP OF THE 6TH |
Salem-Keizer Volcanoes batting - Pitching for Hillsboro Hops : RHP Rick Foster
|
Batting: RHB Jason Gregor
|
0-0: Called Strike 0-1: Ball 1-1: Ball 2-1: Ball 3-1: Swinging Strike 3-2: Base on Balls
|
Batting: RHB Ryan Johnston
|
0-0: Swinging Strike 0-1: Ball 1-1: Ball 2-1: Called Strike 2-2: Ball 3-2: Foul Ball, location: 2F 3-2: Foul Ball, location: 2F 3-2: Foul Ball, location: 2F 3-2: Base on Balls Jason Gregor to second
|
Pitching: LHP Heath Henderson
|
|
Batting: RHB Willie Sanchez
|
0-0: Fly out, F8 (Flyball, 8LD, EV 86.9 MPH)
|
Batting: RHB Bob Schweiger
|
0-0: Called Strike 0-1: Foul Ball, location: 2F 0-2: Foul Ball, location: 2F 0-2: Strikes out swinging
|
Batting: RHB Jonathan Reece
|
0-0: Ball 1-0: Ball 2-0: 3-RUN HOME RUN (Flyball, 7LD, EV 93.8 MPH), Distance : 359 ft
|
Batting: RHB Ian Richardson
|
0-0: Ball 1-0: Ball 2-0: Foul Ball, location: 2F 2-1: Ball 3-1: Base on Balls
|
Batting: RHB Lucan Esini
|
0-0: Ball 1-0: Ball Ian Richardson steals 2nd base 2-0: Intentional Walk
|
Batting: LHB John Whitman
|
0-0: Ground out 4-3 (Groundball, 34S, EV 83.8 MPH)
|
Top of the 6th over - 3 runs, 1 hit, 0 errors, 2 left on base; Salem-Keizer 5 - Hillsboro 2 |
BOTTOM OF THE 6TH |
Hillsboro Hops batting - Pitching for Salem-Keizer Volcanoes : RHP Dave Crouch
|
Batting: RHB Chad Mendoza
|
0-0: Called Strike 0-1: Ball 1-1: Ground out 5-3 (Groundball, 56D, EV 96.2 MPH)
|
Batting: LHB Soo-yeon Kym
|
0-0: Called Strike 0-1: Ball 1-1: Fly out, F8 (Line Drive, 8LD, EV 90.6 MPH)
|
Batting: RHB Jeremy Coffey
|
0-0: Ball 1-0: Ball 2-0: Fly out, F9 (Flyball, 89S, EV 95.0 MPH)
|
Bottom of the 6th over - 0 runs, 0 hits, 0 errors, 0 left on base; Salem-Keizer 5 - Hillsboro 2 |
TOP OF THE 7TH |
Salem-Keizer Volcanoes batting - Pitching for Hillsboro Hops : LHP Heath Henderson
|
Pitching: RHP John Petersen
|
|
Batting: RHB Omar Jordan
|
0-0: Ball 1-0: Ground out 6-3 (Groundball, 6, EV 85.0 MPH)
|
Batting: RHB Jason Gregor
|
0-0: Swinging Strike 0-1: Ball 1-1: Ball 2-1: Foul Ball, location: 2F 2-2: Foul Ball, location: 2F 2-2: Ball 3-2: Base on Balls
|
Batting: RHB Ryan Johnston
|
0-0: Ball 1-0: Ball 2-0: Fielders Choice at 2nd, 4-6 (Groundball, 34, EV 91.9 MPH)
|
Batting: RHB Willie Sanchez
|
0-0: Ball 1-0: Foul Ball, location: 2F 1-1: Foul Ball, location: 2F 1-2: Strikes out swinging
|
Top of the 7th over - 0 runs, 0 hits, 0 errors, 1 left on base; Salem-Keizer 5 - Hillsboro 2 |
BOTTOM OF THE 7TH |
Hillsboro Hops batting - Pitching for Salem-Keizer Volcanoes : RHP Dave Crouch
|
Pitching: LHP Mark Gregor
|
|
Batting: LHB Dillon Rizzuto
|
0-0: Foul Ball, location: 2F 0-1: Called Strike 0-2: DOUBLE (Flyball, 78D, EV 100.6 MPH)
|
Pitching: RHP Art Crouch
|
|
Batting: RHB Bryan Shuller
|
0-0: Ball 1-0: Ball 2-0: Ground out 6-3 (Groundball, 6, EV 81.2 MPH)
|
Batting: RHB Trevor Corey
|
0-0: Foul Ball, location: 2F 0-1: Ball 1-1: Swinging Strike 1-2: Strikes out swinging
|
Pinch Hitting: SHB Mike Kiefer
|
0-0: Called Strike 0-1: Swinging Strike 0-2: Ball 1-2: Ball 2-2: Strikes out swinging
|
Bottom of the 7th over - 0 runs, 1 hit, 0 errors, 1 left on base; Salem-Keizer 5 - Hillsboro 2 |
TOP OF THE 8TH |
Salem-Keizer Volcanoes batting - Pitching for Hillsboro Hops : RHP John Petersen
|
Pitching: RHP Tom Alatas
|
|
Now at 3B: Jeremy Adams
|
|
Batting: RHB Bob Schweiger
|
0-0: Ball 1-0: Ball 2-0: Swinging Strike 2-1: Called Strike 2-2: Foul Ball, location: 2F 2-2: Strikes out looking
|
Batting: RHB Jonathan Reece
|
0-0: Ball 1-0: Ball 2-0: Ball 3-0: Base on Balls
|
Batting: RHB Ian Richardson
|
0-0: Ball Jonathan Reece steals 2nd base 1-0: Ball 2-0: Ball 3-0: Base on Balls
|
Batting: RHB Lucan Esini
|
0-0: Foul Ball, location: 2F 0-1: Called Strike 0-2: Ball 1-2: Strikes out swinging
|
Batting: LHB John Whitman
|
0-0: Ground out 4-3 (Groundball, 4, EV 84.4 MPH)
|
Top of the 8th over - 0 runs, 0 hits, 0 errors, 2 left on base; Salem-Keizer 5 - Hillsboro 2 |
BOTTOM OF THE 8TH |
Hillsboro Hops batting - Pitching for Salem-Keizer Volcanoes : RHP Art Crouch
|
Pitching: RHP Lee Chamness
|
|
Batting: RHB Yasuo Nakata
|
0-0: Called Strike 0-1: Foul Ball, location: 2F 0-2: Foul Ball, location: 2F 0-2: Strikes out swinging, 2-3 out at first.
|
Batting: RHB Larry Hardman
|
0-0: Ball 1-0: Ball 2-0: Ball 3-0: Base on Balls
|
Batting: RHB Chad Mendoza
|
0-0: Ball 1-0: Ball 2-0: Swinging Strike 2-1: Ball 3-1: Swinging Strike 3-2: Fly out, F7 (Flyball, 78M, EV 91.2 MPH)
|
Batting: LHB Soo-yeon Kym
|
0-0: Called Strike 0-1: Swinging Strike 0-2: Ball 1-2: Strikes out swinging
|
Bottom of the 8th over - 0 runs, 0 hits, 0 errors, 1 left on base; Salem-Keizer 5 - Hillsboro 2 |
TOP OF THE 9TH |
Salem-Keizer Volcanoes batting - Pitching for Hillsboro Hops : RHP Tom Alatas
|
Batting: RHB Omar Jordan
|
0-0: Called Strike 0-1: Ball 1-1: Ball 2-1: Swinging Strike 2-2: Ball 3-2: Foul Ball, location: 2F 3-2: Strikes out swinging
|
Batting: RHB Jason Gregor
|
0-0: Foul Ball, location: 2F 0-1: Ground out 6-3 (Groundball, 56, EV 84.4 MPH)
|
Batting: RHB Ryan Johnston
|
0-0: Ground out 5-3 (Groundball, 5, EV 86.9 MPH)
|
Top of the 9th over - 0 runs, 0 hits, 0 errors, 0 left on base; Salem-Keizer 5 - Hillsboro 2 |
BOTTOM OF THE 9TH |
Hillsboro Hops batting - Pitching for Salem-Keizer Volcanoes : RHP Lee Chamness
|
Pitching: RHP Damian Molina
|
|
Batting: RHB Jeremy Coffey
|
0-0: Ball 1-0: Fly out, F6 (Line Drive, 6, EV 72.5 MPH)
|
Batting: LHB Dillon Rizzuto
|
0-0: Called Strike 0-1: Ball 1-1: Ground out 4-3 (Groundball, 4S, EV 68.1 MPH)
|
Batting: RHB Bryan Shuller
|
0-0: Ball 1-0: Called Strike 1-1: Foul Ball, location: 2F 1-2: Foul Ball, location: 2F 1-2: SINGLE (Line Drive, 78S, EV 90.6 MPH)
|
Batting: RHB Trevor Corey
|
0-0: Swinging Strike 0-1: Called Strike 0-2: Ball 1-2: Foul Ball, location: 2F 1-2: Foul Ball, location: 2F 1-2: Ball 2-2: Strikes out swinging
|
Bottom of the 9th over - 0 runs, 1 hit, 0 errors, 1 left on base; Salem-Keizer 5 - Hillsboro 2 |
|